 Dungeon Crawl Stone Soup version 0.30-a0-439-g9e77e4d916 (webtiles) character file.

Game seed: 17790244620670532090

12143 Emberiza the Severer (level 11, -2/85 (88) HPs)
             Began as a Minotaur Berserker on Dec 10, 2022.
             Was an Elder of Trog.
             Slain by a hell rat (14 damage)
             ... on level 2 of the Lair of Beasts.
             The game lasted 00:18:55 (14668 turns).

Emberiza the Severer (Minotaur Berserker)          Turns: 14668, Time: 00:18:56

HP:   -2/85 (88)    AC: 16    Str: 26    XL:     11   Next: 58%
MP:   10/10         EV:  8    Int:  7    God:    Trog [****..]
Gold: 246           SH:  4    Dex: 10    Spells: 10/10 levels left

rFire   . . .      SeeInvis .    O - +0 war axe (chaos)
rCold   . . .      Faith    .    J - +0 buckler
rNeg    . . .      Spirit   .    t - +0 plate armour
rPois   .          Reflect  .    (helmet restricted)
rElec   .          Harm     .    (no cloak)
rCorr   .          Rampage  .    L - +2 pair of gloves "Orock" {Int+3}
Will    +....                    K - +0 pair of boots
Stlth   ..........               q - amulet of regeneration
HPRegen 1.14/turn                H - ring of willpower
MPRegen 0.12/turn                (no ring)

@: on berserk cooldown, attractive, slowed, lightly drained, very slow
A: horns 2, retaliatory headbutt
a: Renounce Religion, Berserk, Trog's Hand, Brothers in Arms


You were on level 2 of the Lair of Beasts.
You worshipped Trog.
Trog was greatly pleased with you.
You visited 2 branches of the dungeon, and saw 12 of its levels.

You collected 550 gold pieces.
You spent 304 gold pieces at shops.

Inventory:

Hand Weapons
 a - a +0 hand axe
 x - a +1 vampiric hand axe
 F - a +2 whip of holy wrath
 O - a +0 war axe of chaos (weapon)
Missiles
 s - 4 throwing nets
 y - 27 poisoned darts (quivered)
 N - 4 atropa-tipped darts
Armour
 b - a +0 animal skin
 i - a +0 scale mail
 t - a +0 plate armour (worn)
 J - a +0 buckler (worn)
 K - a +0 pair of boots (worn)
 L - the +2 pair of gloves "Orock" (worn) {Int+3}
   (You bought it in a shop on level 6 of the Dungeon)

   Int:       It affects your intelligence (+3).
Jewellery
 q - an amulet of regeneration (around neck)
 A - an amulet of regeneration
 H - a ring of willpower (left hand)
 P - an amulet of magic regeneration
Wands
 u - a wand of light (4)
 D - a wand of roots (30)
 M - a wand of flame (19)
Scrolls
 e - 3 scrolls of enchant armour
 h - 7 scrolls of teleportation
 j - 2 scrolls of enchant weapon
 m - 2 scrolls of magic mapping
 p - 3 scrolls of silence
 w - a scroll of fear
 z - 3 scrolls of blinking
 B - a scroll of torment
 E - a scroll of immolation
 G - a scroll of amnesia
 Q - a scroll of summoning
Potions
 c - a potion of attraction
 d - a potion of heal wounds {unknown}
 f - 2 potions of flight {unknown}
 g - a potion of brilliance {unknown}
 k - a potion of haste {unknown}
 l - 3 potions of invisibility
 n - a potion of might {unknown}
 o - 3 potions of mutation {unknown}
 r - 5 potions of curing
 v - 2 potions of degeneration {unknown}
 C - a potion of berserk rage {unknown}
 I - a potion of magic {unknown}
 S - a potion of lignification {unknown}


   Skills:
 + Level 5.6 Fighting
 - Level 20.0 Axes
 + Level 4.9 Armour
 + Level 4.4 Dodging
 + Level 4.0 Shields


You had 10 spell levels left.
You didn't know any spells.
Your spell library was empty.

Dungeon Overview and Level Annotations

Branches:
Dungeon (10/15)            Temple (0/1) D:7            Lair (1/5) D:8
    Orc (0/2) D:10

Altars:
Dithmenos
Elyvilon
Fedhas
Makhleb
Qazlal
Sif Muna
Zin
The Shining One

Shops:
D:2 ?   D:5 :   D:6 [(

Annotations:
D:3 2 transporters, 3 runed translucent doors, Nofys's ghost, amateur SpEn
D:7 1 runed translucent door, semem's ghost, novice HuFi


Innate Abilities, Weirdness & Mutations

You have a pair of horns on your head.
You reflexively headbutt those who attack you in melee.


Message History

The komodo dragon bites you!
* * * LOW HITPOINT WARNING * * *
You barely miss the komodo dragon. Your headbutt misses the komodo dragon.
The komodo dragon is moderately wounded.
You hit the komodo dragon but do no damage.
The komodo dragon is moderately wounded.
The komodo dragon hisses menacingly.
The komodo dragon bites you.
* * * LOW HITPOINT WARNING * * *
You hit the komodo dragon.
The komodo dragon is moderately wounded.
You slice the komodo dragon!!
You feel better.
You headbutt the komodo dragon!
You kill the komodo dragon!
Trog accepts your kill.
Your Shields skill increases to level 4!
You feel a strong urge to attack something.
You feel your anger nearly subside.
You are no longer berserk.
You are exhausted.
You feel yourself slow down.
It was a potion of attraction.
You feel attractive to monsters. The hell rat is attracted toward you.
You closely miss the hell rat. You block the hell rat's attack.
You slash the hell rat!
The hell rat flickers and vanishes!
Deactivating autopickup; reactivate with Ctrl-A.
Something bites you but does no damage.
You hit something but do no damage. You headbutt something.
Something bites you but does no damage. Something bites you.
* * * LOW HITPOINT WARNING * * *
You feel drained.
You hit something but do no damage. You headbutt something.
Something bites you but does no damage.
You closely miss something. Something bites you.
* * * LOW HITPOINT WARNING * * *
You barely miss something. Something bites you.
* * * LOW HITPOINT WARNING * * *
You feel drained.
* * * LOW HITPOINT WARNING * * *
Something bites you!
You die...

♣.♣.♣♣..# #.P#
♣........######..#
###P.##...#.##..P##
##......†.......##
######..........#
###...P##...P#
.#####.#...####P.##
......†{...## #....
######.@....#
#.###.# ####.###
#.# # ### ###


There were no monsters in sight!

Vanquished Creatures
  Harold (D:9)
  Maurice (D:10)
  Joseph (D:9)
  A cane toad (Lair:1)
  A kobold demonologist (D:10)
  A komodo dragon (Lair:2)
  3 trolls
  A wraith (D:10)
  A wyvern (D:8)
  Eustachio (D:5)
  15 yaks
  A basilisk (D:8)
  2 vampire mosquitoes (D:10)
  Menkaure (D:5)
  2 acid dragons
  7 water moccasins
  2 ice beasts
  4 ogres
  3 orc warriors
  A sky beast (D:6)
  A black bear (D:7)
  3 phantoms
  4 wolves (D:9)
  5 centaurs
  2 kobold brigands
  5 bullfrogs
  A necrophage (D:6)
  4 scorpions
  12 wights (D:8)
  16 killer bees
  2 howler monkeys
  2 jellies
  3 hounds
  3 orc priests
  2 iguanas
  6 orc wizards
  A hound zombie (D:4)
  4 adders
  12 gnolls
  4 shadow imps
  3 ufetubi
  2 adder skeletons (D:4)
  2 adder zombies (D:4)
  A worm (D:2)
  3 dart slugs
  24 orcs
  2 bats (D:2)
  8 endoplasms
  3 giant cockroaches
  6 goblins
  9 hobgoblins
  3 jackals (D:1)
  21 kobolds
  5 quokkas
  6 ball pythons
  5 frilled lizards
  A quokka zombie (D:4)
  A rat (D:3)
247 creatures vanquished.

Vanquished Creatures (collateral kills)
  2 yaks (D:9)
  Grum (D:9)
  An orc warrior (D:9)
4 creatures vanquished.

Vanquished Creatures (others)
  A fungus (Lair:2)
  16 plants
17 creatures vanquished.

Grand Total: 268 creatures vanquished

Notes
Turn   | Place    | Note
-------+----------+-------------------------------------------
     0 | D:1      | Emberiza the Minotaur Berserker began the quest for the
                  | Orb.
     0 | D:1      | Reached XP level 1. HP: 19/19 MP: 0/0
   104 | D:1      | Reached skill level 4 in Axes
   173 | D:1      | Reached XP level 2. HP: 24/26 MP: 1/1
   493 | D:2      | Reached skill level 5 in Axes
  1197 | D:2      | Reached XP level 3. HP: 23/31 MP: 2/2
  1559 | D:2      | Found Viner's Magic Scroll Emporium.
  1560 | D:2      | Reached ** piety under Trog
  2323 | D:3      | Found a blossoming altar of Fedhas.
  2323 | D:3      | Found a shimmering blue altar of Sif Muna.
  2328 | D:3      | Found a stormy altar of Qazlal.
  2347 | D:3      | Found a white marble altar of Elyvilon.
  2370 | D:3      | Reached XP level 4. HP: 38/39 MP: 3/3
  2376 | D:3      | Reached skill level 6 in Axes
  2493 | D:3      | Found a transporter.
  2619 | D:3      | Found a transporter.
  2707 | D:3      | Found a runed translucent gate.
  2708 | D:3      | Found a runed translucent gate.
  2708 | D:3      | Found a runed translucent gate.
  2714 | D:3      | Noticed Nofys's ghost (amateur SpEn)
  2901 | D:3      | Found a shadowy altar of Dithmenos.
  3238 | D:4      | Found a glowing silver altar of Zin.
  3252 | D:4      | Reached *** piety under Trog
  3287 | D:4      | Reached skill level 7 in Axes
  3287 | D:4      | Reached XP level 5. HP: 45/45 MP: 4/4
  3642 | D:4      | Noticed a phantom
  3654 | D:4      | Killed a phantom
  3723 | D:4      | Reached skill level 8 in Axes
  3898 | D:4      | Noticed a phantom
  3915 | D:4      | Killed a phantom
  3916 | D:4      | Reached XP level 6. HP: 39/51 MP: 5/5
  4145 | D:4      | Reached skill level 9 in Axes
  5041 | D:5      | Entered Level 5 of the Dungeon
  5044 | D:5      | Found Sios's Book Shoppe.
  5054 | D:5      | Reached XP level 7. HP: 49/57 MP: 6/6
  5087 | D:5      | Noticed Menkaure
  5098 | D:5      | Killed Menkaure
  5099 | D:5      | Reached skill level 10 in Axes
  5620 | D:5      | Reached skill level 11 in Axes
  5627 | D:5      | Reached XP level 8. HP: 64/64 MP: 7/7
  5978 | D:5      | Noticed Eustachio
  5988 | D:5      | Killed Eustachio
  5989 | D:5      | Reached skill level 12 in Axes
  7367 | D:6      | Found Wido's Antique Armour Boutique.
  7418 | D:6      | Reached skill level 13 in Axes
  7465 | D:6      | Found Vogyosez's Weapon Shop.
  8292 | D:7      | Reached skill level 14 in Axes
  8367 | D:7      | Reached XP level 9. HP: 60/70 MP: 8/8
  8442 | D:7      | Reached **** piety under Trog
  8478 | D:7      | Found a runed translucent door.
  8755 | D:7      | Reached skill level 15 in Axes
  8846 | D:7      | Found a staircase to the Ecumenical Temple.
  9991 | D:7      | Reached skill level 16 in Axes
 10172 | D:7      | Noticed semem's ghost (novice HuFi)
 10279 | D:8      | Reached skill level 17 in Axes
 10279 | D:8      | Reached XP level 10. HP: 77/77 MP: 9/9
 10355 | D:8      | Reached skill level 18 in Axes
 10518 | D:8      | Found a staircase to the Lair.
 10692 | D:6      | Found Vogyosez's Weapon Shop.
 10798 | D:6      | Found Wido's Antique Armour Boutique.
 10806 | D:6      | Bought a pair of transparent gloves for 304 gold pieces
 10806 | D:6      | Identified the +2 pair of gloves "Orock" {Int+3} (You
                  | bought it in a shop on level 6 of the Dungeon)
 11423 | D:8      | Identified the +4 sling "Aqinukki" {freeze, Fragile rCorr
                  | Str-3 Dex+8}
 11464 | D:8      | Identified the +1 robe of Plasticity {Will+}
 12093 | D:9      | Reached skill level 19 in Axes
 12356 | D:9      | Noticed Grum
 12377 | D:9      | Reached XP level 11. HP: 32/82 MP: 10/10
 12386 | D:9      | Killed Grum
 12395 | D:9      | Reached skill level 20 in Axes
 12407 | D:9      | Reached skill level 1 in Shields
 12495 | D:9      | Noticed Joseph
 12511 | D:9      | Killed Joseph
 12556 | D:9      | Noticed Harold
 12568 | D:9      | Killed Harold
 13013 | D:10     | Entered Level 10 of the Dungeon
 13215 | D:10     | Noticed Maurice
 13227 | D:10     | Killed Maurice
 13769 | D:10     | Reached skill level 5 in Fighting
 14030 | D:10     | Found a glowing golden altar of the Shining One.
 14219 | D:10     | Found a staircase to the Orcish Mines.
 14285 | D:10     | Found a burning altar of Makhleb.
 14573 | Lair:1   | Entered Level 1 of the Lair of Beasts
 14605 | Lair:1   | You fall into a shaft and drop 1 floor!
 14653 | Lair:2   | HP: 4/132 [komodo dragon (7)]
 14668 | Lair:2   | Slain by a hell rat

Illustrated notes

Levels and vault maps discovered:
D:1:      amcnicky_arrival_choice, layout_rooms,
          nicolae_concentric_dashed_squares_mild, serial_bayou_pond_a,
          minmay_pentomino_v2
D:2:      layout_basic, serial_shops,
          nicolae_shop_temple_entry_statues_fountains
D:3:      gammafunk_wand_slinger, layout_basic, general_overflow_altar,
          elyvilon_altar_5, minitemple, gammafunk_ghost_split,
          kennysheep_generic_room_8
D:4:      layout_layer_cave, mainiacjoe_overflow_paths, serial_undead,
          serial_undead_d, serial_undead_b, serial_undead_c, serial_undead_c
D:5:      layout_basic, serial_shops, shop, uniq_menkaure, uniq_eustachio
D:6:      layout_rooms, serial_shops, nicolae_shop_advertising_works
          [nicolae_subvault_shop_adworks], shop, chequers_serial_rivers_small_b
D:7:      layout_basic, minmay_temple_entry_antechambers,
          ebering_ghost_reflecting_pool, grunt_tough_drop
D:8:      layout_loops_ring, minmay_lair_entry_grove, st_stairs_4
D:9:      layout_loops_cross, hangedman_decor_growths, uniq_harold, uniq_grum,
          uniq_joseph
D:10:     layout_roguey, nicolae_overflow_hidden_temple, lightli_temple_of_fire,
          mainiacjoe_overflow_surrounded_room, orc_0_dummy, uniq_maurice
Lair:1:   layout_cave_shapes
Lair:2:   dreamdust_cave_troll, layout_loops_ring, minmay_shoals_entry_beasts,
          spider_nest_entry_webs, guppyfry_lair_drakes, serial_bayou_shore_b,
          infiniplex_staircase_pool_2

Skill      XL: |  1  2  3  4  5  6  7  8  9 10 11 |
---------------+----------------------------------+-----
Axes           | 4 5 7 8 9 11 14 17 19 20 | 20.0
Shields        | 4 |  4.0
Fighting       | 5 |  5.6
Armour         | 4 |  4.9
Dodging        | 4 |  4.4

Action                   |  1- 3 |  4- 6 |  7- 9 | 10-12 || total
-------------------------+-------+-------+-------+-------++-------
Melee: Hand axe          |   104 |   133 |   292 |   265 ||   794
       Headbutt          |     9 |    22 |    30 |    66 ||   127
       Punch             |       |     4 |     1 |       ||     5
       War axe           |       |       |       |    32 ||    32
Throw: Dart              |       |       |       |     2 ||     2
Invok: Berserk           |       |     3 |    10 |    10 ||    23
       Trog's Hand       |       |       |     1 |     2 ||     3
       Brothers in Arms  |       |       |       |     1 ||     1
  Use: Scroll            |     3 |     3 |     1 |    11 ||    18
       Potion            |       |       |       |     1 ||     1
Armor: Animal skin       |     2 |       |       |       ||     2
       Scale mail        |    14 |       |       |       ||    14
       Plate armour      |    39 |    60 |   139 |   152 ||   390
Dodge: Dodged            |    53 |    38 |    94 |    97 ||   282
Block: Buckler           |       |       |       |    35 ||    35

Table legend: (Time is in decaauts)
 A = Elapsed time spent in this place.
 B = Non-inter-level travel time spent in this place.
 C = Inter-level travel time spent in this place.
 D = Time resting spent in this place.
 E = Time spent auto-exploring this place.
 F = Levels seen in this place.
 G = Mean time per level.
                   A        B        C        D        E       F      G
               +--------+--------+--------+--------+--------+-----+--------+
         Total |  14658 |  14071 |    587 |   4887 |   7454 |  12 | 1221.5 |
       Dungeon |  14572 |  13985 |    587 |   4887 |   7432 |  10 | 1457.2 |
          Lair |     85 |     85 |      0 |      0 |     22 |   2 |   42.5 |
               +--------+--------+--------+--------+--------+-----+--------+

Top non-repeatable levels by time:
     D:5: 2381 daAuts
     D:7: 1971 daAuts
     D:4: 1915 daAuts
    D:10: 1457 daAuts
     D:6: 1422 daAuts
     D:2: 1154 daAuts
     D:9: 1145 daAuts
     D:8: 1131 daAuts
     D:1: 1073 daAuts
     D:3: 919 daAuts
  Lair:2: 55 daAuts
  Lair:1: 29 daAuts
